 Dungeon Crawl Stone Soup version 0.28-a0-1624-g820543e53a (webtiles) character file.

Game seed: 14356831256056636488

16681 RepHenryClay the Destroyer (level 12, -2/70 HPs)
             Began as a Deep Elf Conjurer on Jan 23, 2022.
             Was an Elder of Vehumet.
             Slain by an entropy weaver simulacrum (9 damage)
             ... in an ice cave on Jan 24, 2022.
             The game lasted 00:39:26 (19033 turns).

RepHenryClay the Destroyer (Deep Elf Conjurer)     Turns: 19033, Time: 00:39:27

Health: -2/70      AC:  6    Str:  4    XL:     12   Next: 12%
Magic:  18/27      EV: 19    Int: 27    God:    Vehumet [****..]
Gold:   699        SH:  0    Dex: 21    Spells: 13/29 levels left

rFire   . . .      SeeInvis .   a - staff of poison
rCold   + + .      Faith    .   (no shield)
rNeg    . . .      Spirit   .   G - +2 robe {rC+}
rPois   +          Reflect  .   s - +0 helmet
rElec   .          Harm     .   M - +0 cloak
rCorr   .          Rampage  .   (no gloves)
Will    +....                   (no boots)
Stlth   ++........              d - amulet of the acrobat
HPRegen 0.21/turn               b - ring of protection from cold
MPRegen 0.20/turn               N - +6 ring of dexterity

@: no status effects
A: no striking features
a: Renounce Religion


You were in an ice cave.
You worshipped Vehumet.
Vehumet was greatly pleased with you.
You visited 3 branches of the dungeon, and saw 14 of its levels.
You also visited: Ossuary and Ice Cave.

You collected 849 gold pieces.
You spent 150 gold pieces at shops.

Inventory:

Hand Weapons
 j - a +4 dagger
 l - a +2 hand axe of venom
 v - a +1 whip of freezing
 O - a +0 dagger of venom
Missiles
 k - 6 poisoned darts (quivered)
 r - 6 throwing nets
 L - 4 datura-tipped darts
Armour
 s - a +0 helmet (worn)
 G - a +2 robe of cold resistance (worn)
 M - a +0 cloak (worn)
Magical Staves
 a - a staff of poison (weapon)
 J - a staff of cold
Jewellery
 b - a ring of protection from cold (left hand)
 d - an amulet of the acrobat (around neck)
 x - a ring of ice
 N - a +6 ring of dexterity (right hand)
Wands
 u - a wand of paralysis (10)
 F - a wand of iceblast (1)
 I - a wand of acid (13)
Scrolls
 c - 3 scrolls of magic mapping
 e - 5 scrolls of fog
 g - a scroll of fear
 i - 4 scrolls of enchant weapon
 m - 7 scrolls of holy word
 n - a scroll of summoning
 o - a scroll of brand weapon
 t - 2 scrolls of teleportation
 y - 2 scrolls of enchant armour {unknown}
 z - 2 scrolls of amnesia
 D - 6 scrolls of identify {@r1}
 E - a scroll of silence {unknown}
 K - a scroll of acquirement {unknown}
Potions
 f - 2 potions of cancellation
 h - a potion of might
 p - 5 potions of brilliance
 q - a potion of berserk rage
 w - 3 potions of resistance
 A - 3 potions of invisibility
 B - 5 potions of curing
 C - 2 potions of mutation {unknown}
 H - 2 potions of flight {unknown}


   Skills:
 - Level 6.0 Fighting
 * Level 10.1 Dodging
 - Level 2.4 Stealth
 + Level 9.3 Spellcasting
 + Level 11.2 Conjurations
 - Level 6.4 Hexes
 - Level 5.0 Translocations
 - Level 9.0 Earth Magic
 - Level 6.2 Poison Magic


You had 13 spell levels left.
You knew the following spells:

 Your Spells              Type           Power      Damage    Failure   Level
a - Stone Arrow           Conj/Erth      100%       3d13      1%          3
b - Searing Ray           Conj           100%       2d8       1%          2
c - Iskenderun's Mystic   Conj/Tloc      54%        2d12      1%          4
d - Fulminant Prism       Conj/Hex       28%        3d14      1%          4
e - Poisonous Vapours     Pois/Air       88%        N/A       1%          2
f - Magic Dart            Conj           100%       1d8       1%          1

Your spell library contained the following spells:

 Spells                   Type           Power      Damage    Failure   Level
 Sticky Flame             Conj/Fire      42%        2d6       1%          4
 Sandblast                Erth           100%       2d20      1%          1
 Passwall                 Tmut/Erth      30%        N/A       1%          2
 Dazzling Flash           Conj/Hex       100%       N/A       1%          3
 Leda's Liquefaction      Hex/Erth       26%        N/A       1%          4
 Lee's Rapid Deconstruct  Erth           28%        3d16*     1%          5
 Spider Form              Tmut/Pois      44%        N/A       3%          3
 Beastly Appendage        Tmut           24%        N/A       4%          1
 Wereblood                Tmut           12%        N/A       7%          2
 Statue Form              Tmut/Erth      24%        N/A       73%         6


Dungeon Overview and Level Annotations

Branches:
Dungeon (12/15)            Temple (1/1) D:6            Lair (0/6) D:10
    Orc (1/2) D:11        Ossuary (visited)           IceCv (1/1)

Altars:
Ashenzari
Cheibriados
Dithmenos
Fedhas
Hepliaklqana
Kikubaaqudgha
Makhleb
Nemelex Xobeh
Okawaru
Qazlal
Ru
Sif Muna
Trog
Uskayaw
Vehumet
Xom
Yredelemnul
Zin

Shops:
D:3 ?   D:8 (

Annotations:
D:5 3 runed translucent doors, CowFu's ghost, amateur HOMo; a3don's ghost, novice DECj


Message History

Press: ? - help, Shift-Dir - straight line, f - entropy weaver simulacrum
Aim: an entropy weaver simulacrum (84% to hit)
The stone arrow hits the entropy weaver simulacrum!
The entropy weaver simulacrum is heavily damaged.
Casting: Stone Arrow (safe; 1% risk of failure)
Confirm with . or Enter, or press ? or * to list all spells.
Aiming: Stone Arrow (safe; 1% risk of failure)
Press: ? - help, Shift-Dir - straight line, f/p - entropy weaver simulacrum
Aim: an entropy weaver simulacrum (heavily damaged, 84% to hit)
The stone arrow misses the entropy weaver simulacrum.
The entropy weaver simulacrum closely misses you.
The entropy weaver simulacrum hits you!
The entropy weaver simulacrum freezes you!
You resist. The entropy weaver simulacrum hits you!
The entropy weaver simulacrum freezes you!
You resist.
The entropy weaver simulacrum completely misses you.
Huge Dmg: -47%(-33hp) hp: 53%(37hp)
Casting: Stone Arrow (safe; 1% risk of failure)
Confirm with . or Enter, or press ? or * to list all spells.
Aiming: Stone Arrow (safe; 1% risk of failure)
Press: ? - help, Shift-Dir - straight line, f/p - entropy weaver simulacrum
Aim: an entropy weaver simulacrum (heavily damaged, 84% to hit)
The stone arrow hits the entropy weaver simulacrum!!
The entropy weaver simulacrum is almost destroyed.
The entropy weaver simulacrum hits you.
The entropy weaver simulacrum freezes you!
You resist.
* * * LOW HITPOINT WARNING * * *
The entropy weaver simulacrum hits you but does no damage.
The entropy weaver simulacrum hits you!
* * * LOW HITPOINT WARNING * * *
The entropy weaver simulacrum freezes you.
You resist.
* * * LOW HITPOINT WARNING * * *
The entropy weaver simulacrum hits you.
* * * LOW HITPOINT WARNING * * *
The entropy weaver simulacrum freezes you!
You resist.
You die...

####### ###.....### #
#.........# #.
####......... +#+#.#+#+###
#⌠4#......... .........Z.#
+$4#.........
.8.8.8.8@########.........
..............#...........
..............'.....⌠.....
..............#...........
.8.8.8.8.########.........
.........'.# +[4#.........
+#+#.#+#'### #⌠.#.........
#. #.# ####......... # ###
#.........#


You could see an entropy weaver simulacrum.

Vanquished Creatures
  Harold (D:9)
  4 two-headed ogres
  Pikel (D:7)
  An oklob plant (D:10)
  A manticore (D:11)
  A cyclops (D:11)
  4 centaur zombies
  A gargoyle (D:11)
  2 ice statues (IceCv)
  Psyche (D:9)
  An entropy weaver simulacrum (IceCv)
  3 ice devils (IceCv)
  A kobold demonologist (D:12)
  A hornet (D:7)
  Grinder (D:4)
  Prince Ribbit (D:7)
  2 slime creatures (D:12)
  3 wyverns
  A wraith (D:12)
  7 yaks
  4 steam dragons
  A harpy simulacrum (IceCv)
  2 water moccasins
  10 orc warriors
  An ice beast (D:6)
  A sky beast (D:6)
  A black bear (D:7)
  2 necrophages
  An ogre (D:5)
  2 centaurs
  A phantom (D:3)
  Blork the orc (D:4)
  4 bullfrogs
  2 scorpions
  12 killer bees
  17 wights
  2 howler monkeys
  A bullfrog zombie (D:5)
  A hound (D:5)
  A human zombie (Ossuary)
  8 orc priests
  2 bullfrog skeletons (D:6)
  5 jellies
  Crazy Yiuf (D:7)
  2 centaur skeletons
  3 gnoll shamans
  3 iguanas
  Natasha (thrice) (D:3)
  6 orc wizards
  A troll simulacrum (IceCv)
  A spriggan simulacrum (IceCv)
  A wolf simulacrum (IceCv)
  2 hound zombies
  A hound skeleton (D:4)
  4 mummies (Ossuary)
  3 howler monkey zombies
  12 adders
  18 gnolls
  A naga simulacrum (IceCv)
  A white imp (D:5)
  2 ufetubi
  2 adder zombies (Ossuary)
  An adder skeleton (D:4)
  A worm (D:3)
  A dart slug (D:5)
  69 orcs
  4 ball pythons
  4 endoplasms
  A giant cockroach (D:2)
  9 goblins
  5 hobgoblins
  5 kobolds
  5 quokkas
  5 bats (D:2)
  6 frilled lizards
  A gnoll zombie (Ossuary)
  2 goblin zombies (Ossuary)
  A kobold zombie (Ossuary)
  2 orc zombies (Ossuary)
  5 rats
  2 rat zombies (Ossuary)
316 creatures vanquished.

Vanquished Creatures (others)
  19 fulminant prisms
  3 plants (D:10)
  6 withered plants (D:5)
28 creatures vanquished.

Grand Total: 344 creatures vanquished

Notes
Turn   | Place    | Note
-------+----------+-------------------------------------------
     0 | D:1      | RepHenryClay the Deep Elf Conjurer began the quest for the
                  | Orb.
     0 | D:1      | Reached XP level 1. HP: 10/10 MP: 6/6
   130 | D:1      | Reached skill level 5 in Conjurations
   130 | D:1      | Reached XP level 2. HP: 15/15 MP: 1/8
   905 | D:1      | Found a faded altar of an unknown god.
   905 | D:1      | Noticed a ynoxinul
  1022 | D:2      | Found a hazy altar of Hepliaklqana.
  1028 | D:2      | Reached XP level 3. HP: 19/19 MP: 3/9
  1286 | D:2      | Reached skill level 6 in Conjurations
  1402 | D:2      | Reached XP level 4. HP: 17/24 MP: 1/10
  1766 | D:2      | Learned a level 2 spell: Searing Ray
  1771 | D:2      | Learned a level 4 spell: Iskenderun's Mystic Blast
  2049 | D:2      | Reached skill level 7 in Conjurations
  2049 | D:2      | Reached XP level 5. HP: 12/28 MP: 1/11
  3037 | D:3      | Noticed Natasha
  3053 | D:3      | Killed Natasha
  3161 | D:3      | Noticed Natasha
  3170 | D:3      | Killed Natasha
  3171 | D:3      | Reached skill level 8 in Conjurations
  3363 | D:3      | Reached XP level 6. HP: 32/32 MP: 9/12
  3414 | D:3      | Noticed Natasha
  3418 | D:3      | Killed Natasha
  3489 | D:3      | Found Eciregru's Magic Scroll Boutique.
  3492 | D:3      | Bought a scroll of magic mapping for 35 gold pieces
  3726 | D:3      | Bought a scroll of identify for 20 gold pieces
  3726 | D:3      | Bought a scroll of identify for 20 gold pieces
  3726 | D:3      | Bought a scroll of identify for 20 gold pieces
  3726 | D:3      | Bought a scroll of identify for 20 gold pieces
  3726 | D:3      | Bought a scroll of magic mapping for 35 gold pieces
  4165 | D:4      | Noticed Grinder
  4284 | D:4      | Reached skill level 9 in Conjurations
  4369 | D:4      | Noticed Blork the orc
  4372 | D:4      | Noticed a water moccasin
  4385 | D:4      | Killed a water moccasin
  4386 | D:4      | Reached XP level 7. HP: 21/36 MP: 4/13
  4386 | D:4      | Killed Blork the orc
  4741 | D:3      | Reached skill level 10 in Conjurations
  4923 | D:4      | Found a sacrificial altar of Ru.
  4923 | D:4      | Found a glowing silver altar of Zin.
  4927 | D:4      | Reached skill level 1 in Translocations
  5118 | D:5      | Entered Level 5 of the Dungeon
  5907 | D:5      | Reached XP level 8. HP: 41/41 MP: 11/16
  5964 | D:5      | Found a runed translucent gate.
  5964 | D:5      | Found a runed translucent gate.
  6009 | D:5      | Found a burning altar of Makhleb.
  6208 | D:5      | Reached skill level 5 in Spellcasting
  6464 | D:5      | Found a runed translucent gate.
  6466 | D:5      | Noticed a3don's ghost (novice DECj)
  6466 | D:5      | Noticed CowFu's ghost (amateur HOMo)
  6894 | D:6      | Found a staircase to the Ecumenical Temple.
  6915 | Temple   | Entered the Ecumenical Temple
  7030 | Temple   | Became a worshipper of Vehumet
  7123 | D:6      | Reached skill level 5 in Dodging
  7771 | D:6      | Reached skill level 5 in Translocations
  7854 | D:6      | Reached XP level 9. HP: 45/45 MP: 17/21
  8697 | D:7      | Reached * piety under Vehumet
  8697 | D:7      | Offered knowledge of Freeze by Vehumet.
  8824 | D:7      | Noticed Pikel
  8839 | D:7      | Killed Pikel
  9386 | D:7      | Learned a level 4 spell: Fulminant Prism
  9500 | D:7      | Noticed Prince Ribbit
  9507 | D:7      | Killed Prince Ribbit
  9860 | D:7      | Reached skill level 5 in Hexes
 10060 | D:7      | Found a runed translucent door.
 10061 | D:7      | Noticed Crazy Yiuf
 10255 | D:8      | Reached XP level 10. HP: 49/50 MP: 18/24
 10259 | D:8      | Found a sand-covered staircase.
 10269 | Ossuary  | Entered an ossuary
 10282 | Ossuary  | Reached ** piety under Vehumet
 10282 | Ossuary  | Offered knowledge of Poisonous Vapours by Vehumet.
 10554 | Ossuary  | Learned a level 2 spell: Poisonous Vapours
 10563 | D:8      | Reached skill level 1 in Poison Magic
 11430 | D:8      | Found Tonis's Weapon Emporium.
 11778 | D:8      | Found a shimmering blue altar of Sif Muna.
 11998 | D:9      | Reached skill level 5 in Poison Magic
 12321 | D:9      | Noticed Psyche
 12322 | D:9      | Reached skill level 1 in Fighting
 12644 | D:9      | Killed Psyche
 13059 | D:9      | Noticed Harold
 13071 | D:9      | Killed Harold
 13071 | D:9      | Offered knowledge of Conjure Flame by Vehumet.
 13319 | D:9      | Reached skill level 5 in Fighting
 13354 | D:9      | Reached *** piety under Vehumet
 13625 | D:9      | Reached XP level 11. HP: 64/64 MP: 14/25
 13764 | D:9      | Offered knowledge of Flame Wave by Vehumet.
 14229 | D:9      | Found a basalt altar of Yredelemnul.
 14518 | D:10     | Entered Level 10 of the Dungeon
 14862 | D:10     | Learned a level 3 spell: Stone Arrow
 14905 | D:10     | Reached skill level 1 in Earth Magic
 15060 | D:10     | Noticed a two-headed ogre
 15150 | D:10     | Found a snail-covered altar of Cheibriados.
 15449 | D:10     | Noticed an oklob plant
 15457 | D:10     | Killed a two-headed ogre
 15573 | D:10     | Found a staircase to the Lair.
 15883 | D:10     | Killed an oklob plant
 15884 | D:10     | Reached skill level 5 in Earth Magic
 16169 | D:4      | Paralysed by Grinder for 4 turns
 16174 | D:4      | Killed Grinder
 16551 | D:7      | Killed Crazy Yiuf
 16931 | D:11     | Reached **** piety under Vehumet
 17355 | D:11     | Noticed a two-headed ogre
 17358 | D:11     | Noticed a two-headed ogre
 17369 | D:11     | Killed a two-headed ogre
 17369 | D:11     | Offered knowledge of Sticky Flame by Vehumet.
 17573 | D:11     | Found a staircase to the Orcish Mines.
 17592 | D:11     | Killed a two-headed ogre
 17706 | D:11     | Noticed a two-headed ogre
 17711 | D:11     | Killed a two-headed ogre
 17924 | D:12     | Noticed a sixfirhy
 18272 | D:12     | Noticed a skeletal warrior
 18311 | Orc:1    | Entered Level 1 of the Orcish Mines
 18311 | Orc:1    | Found a frozen archway.
 18317 | IceCv    | Entered an ice cave
 18330 | IceCv    | Reached skill level 11 in Conjurations
 18445 | IceCv    | Reached XP level 12. HP: 70/70 MP: 13/27
 18810 | IceCv    | Reached skill level 10 in Dodging
 19033 | IceCv    | Slain by an entropy weaver simulacrum

Illustrated notes

Levels and vault maps discovered:
D:1:      shiori_arrival_oz, layout_loops_corners,
          dreamdust_ecumenical_altar_sealed_demon, nrook_mini_vaults,
          minmay_hexomino_c4
D:2:      layout_rooms, basic_altar
D:3:      layout_rooms, serial_shops, nicolae_shop_behind_doors,
          kennysheep_generic_room_11, uniq_natasha
D:4:      layout_rooms, gammafunk_temple_overflow_pools, uniq_blork_the_orc,
          uniq_grinder
D:5:      layout_layer_cave, mainiacjoe_overflow_brackets,
          gammafunk_ghost_cemetery
D:6:      cheibrodos_steamvent, layout_basic, minmay_temple_entry_slanted
D:7:      layout_gridville, uniq_crazy_yiuf_cottage, uniq_prince_ribbit1,
          uniq_pikel
D:8:      layout_loops_ring, lemuel_blue_sif_altar, chequers_ossuary_entry_cave,
          serial_shops, nicolae_shop_trees, minmay_strange_pillars
D:9:      layout_loops_ring, mainiacjoe_overflow_cross_hatched, special_room
          [special_room_orc], uniq_psyche, uniq_harold
D:10:     layout_cave_pools, amcnicky_altar_gilded, dpeg_oklobed_lair
D:11:     layout_loops_ring, orc_0_dummy
D:12:     layout_loops_ring, serial_bayou_crossing
Temple:   eino_temple_scatter_basement
Orc:1:    layout_caves, portal_ice_cave_entry_pillars_2, basic_altar,
          gammafunk_ghost_grave, okawaru_metal_pillars_3
IceCv:    ice_cave_tombish

Skill      XL: |  1  2  3  4  5  6  7  8  9 10 11 12 |
---------------+-------------------------------------+-----
Conjurations   | 5 6 7 8 9 10 11 | 11.2
Translocations | 2 5 |  5.0
Dodging        | 3 6 8 9 10 | 10.1
Spellcasting   | 4 7 8 9 |  9.3
Hexes          | 5 6 |  6.4
Poison Magic   | 6 |  6.2
Fighting       | 5 6 |  6.0
Earth Magic    | 9 |  9.0
Stealth        | |  2.4

Action                   |  1- 3 |  4- 6 |  7- 9 | 10-12 || total
-------------------------+-------+-------+-------+-------++-------
Melee: Dagger            |       |     9 |     5 |       ||    14
Throw: Dart              |       |       |     8 |       ||     8
 Cast: Magic Dart        |    60 |   108 |   129 |    63 ||   360
       Searing Ray       |       |    14 |    50 |    35 ||    99
       Iskenderun's Myst |       |       |     4 |    43 ||    47
       Fulminant Prism   |       |       |     4 |    15 ||    19
       Poisonous Vapours |       |       |       |    88 ||    88
       Stone Arrow       |       |       |       |    95 ||    95
Evoke: Wand              |       |       |     2 |     1 ||     3
  Use: Scroll            |       |    10 |     7 |     3 ||    20
       Potion            |       |     5 |     2 |     1 ||     8
Armor: Robe              |     2 |     4 |     2 |    19 ||    27
Dodge: Dodged            |     5 |    17 |    55 |   195 ||   272

Table legend: (Time is in decaauts)
 A = Elapsed time spent in this place.
 B = Non-inter-level travel time spent in this place.
 C = Inter-level travel time spent in this place.
 D = Time resting spent in this place.
 E = Time spent auto-exploring this place.
 F = Levels seen in this place.
 G = Mean time per level.
                   A        B        C        D        E       F      G
               +--------+--------+--------+--------+--------+-----+--------+
         Total |  19071 |  17697 |   1374 |   4784 |  10256 |  16 | 1191.9 |
       Dungeon |  17935 |  16574 |   1361 |   4229 |   9896 |  12 | 1494.6 |
        Temple |    128 |    115 |     13 |      0 |     94 |   1 |  128.0 |
  Orcish Mines |      5 |      5 |      0 |      0 |      0 |   1 |    5.0 |
       Ossuary |    285 |    285 |      0 |    103 |    114 |   1 |  285.0 |
      Ice Cave |    715 |    715 |      0 |    452 |    152 |   1 |  715.0 |
               +--------+--------+--------+--------+--------+-----+--------+

Top non-repeatable levels by time:
     D:8: 2346 daAuts
     D:9: 2252 daAuts
     D:6: 1832 daAuts
     D:3: 1822 daAuts
     D:5: 1750 daAuts
     D:7: 1584 daAuts
     D:4: 1411 daAuts
     D:2: 1368 daAuts
     D:1: 1074 daAuts
    D:11: 1060 daAuts
    D:10: 1015 daAuts
   IceCv: 715 daAuts
    D:12: 415 daAuts
 Ossuary: 285 daAuts
  Temple: 128 daAuts
